 Dungeon Crawl Stone Soup version 0.22-a0-346-ga714374 (webtiles) character file.

1924 tidbits the Covert (level 9, 69/69 HPs)
             Began as a Gnoll Assassin on Apr 6, 2018.
             Quit the game on level 5 of the Dungeon.
             The game lasted 00:26:41 (2326 turns).

tidbits the Covert (Gnoll Assassin)                 Turns: 2326, Time: 00:26:42

Health: 69/69      AC:  8    Str: 13    XL:     9   Next: 17%
Magic:  14/14      EV: 13    Int: 17    God:
Gold:   360        SH:  0    Dex: 17    Spells: 15/15 levels left

rFire    . . .     SeeInvis .   b - +4 short sword (drain)
rCold    . . .     Gourm    .   (no shield)
rNeg     . . .     Faith    .   B - +0 ring mail
rPois    .         Spirit   .   (no helmet)
rElec    .         Reflect  .   C - +0 cloak {+Inv}
rCorr    .         Harm     .   (no gloves)
MR       .....                  F - +0 pair of boots
Stlth    ++++......             l - amulet of rage
HPRegen  0.21/turn              (no ring)
MPRegen  0.14/turn              (no ring)

@: no status effects
A: distributed training, fangs 1, strong nose
a: Evoke Berserk Rage, Evoke Invisibility


You were on level 5 of the Dungeon.
You were very hungry.

You visited 2 branches of the dungeon, and saw 8 of its levels.
You also visited: Ossuary.

You collected 487 gold pieces.
You spent 127 gold pieces at shops.

Inventory:

Hand Weapons
 a - a +2 dagger
 b - a +4 short sword of draining (weapon)
   (You took it off Duvessa on level 5 of the Dungeon)
 g - a +0 blowgun
 h - a +0 shortbow
 s - a +0 trident
 v - a +0 quarterstaff
 I - a +5 halberd
 L - a +0 war axe
 O - a cursed +5 scimitar
Missiles
 e - 5 poisoned needles
 f - 2 curare-tipped needles
 p - 6 tomahawks (quivered)
 N - 85 arrows
Armour
 B - a +0 ring mail (worn)
 C - a +0 cloak of invisibility (worn)
   (You bought it in a shop on level 5 of the Dungeon)
 F - a +0 pair of boots (worn)
 H - a +2 shield
 M - a +1 cloak
Magical Staves
 Q - an uncursed staff of power {unknown}
   (You found it on level 4 of the Dungeon)
Jewellery
 l - an amulet of rage (around neck)
   (You found it on level 1 of the Dungeon)
Scrolls
 i - a scroll of amnesia {unknown}
 j - 4 scrolls of fear
 m - a scroll of blinking {unknown}
 o - 2 scrolls of enchant weapon {unknown}
 q - 3 scrolls of fog {unknown}
 r - 3 scrolls of remove curse
 t - a scroll of teleportation
 u - a scroll of immolation {unknown}
 w - a scroll of magic mapping
 y - a scroll of acquirement
 D - a scroll of holy word
Potions
 d - 3 potions of curing {unknown}
 k - a potion of flight
 n - a potion of resistance {unknown}
 x - 5 potions of heal wounds
 z - a potion of degeneration {unknown}
 A - a potion of berserk rage {unknown}
 E - a potion of agility
 G - a potion of lignification
 J - a potion of haste {unknown}
 K - a potion of ambrosia {unknown}
 P - a potion of cancellation {unknown}
Comestibles
 c - 5 rations


   Skills:
 + Level 6.1 Fighting
 + Level 6.1 Short Blades
 + Level 3.9 Long Blades
 + Level 3.9 Axes
 + Level 3.9 Maces & Flails
 + Level 3.9 Polearms
 + Level 3.9 Staves
 + Level 3.9 Slings
 + Level 3.9 Bows
 + Level 3.9 Crossbows
 + Level 6.1 Throwing
 + Level 3.9 Armour
 + Level 4.7 Dodging
 + Level 8.8 Stealth
 + Level 3.9 Shields
 + Level 3.9 Unarmed Combat
 + Level 3.9 Spellcasting
 + Level 3.2 Conjurations
 + Level 3.2 Hexes
 + Level 3.2 Charms
 + Level 3.2 Summonings
 + Level 3.2 Necromancy
 + Level 3.2 Translocations
 + Level 3.2 Transmutations
 + Level 3.2 Fire Magic
 + Level 3.2 Ice Magic
 + Level 3.2 Air Magic
 + Level 3.2 Earth Magic
 + Level 3.2 Poison Magic
 + Level 4.3 Invocations
 + Level 3.9 Evocations


You had 15 spell levels left.
You didn't know any spells.

Dungeon Overview and Level Annotations

Branches:
Dungeon (7/15)             Temple (1/1) D:4

Altars:
Ashenzari
Dithmenos
Elyvilon
Fedhas
Gozag
Hepliaklqana
Makhleb
Nemelex Xobeh
Okawaru
Qazlal
Ru
Trog
Uskayaw
Vehumet
Wu Jian
Xom
Yredelemnul
Zin

Shops:
D:5 [

Annotations:
D:3 Robin


Innate Abilities, Weirdness & Mutations

Your experience applies equally to all skills.
You have very sharp teeth.
Your uncanny sense of smell can sniff out nearby items.


Message History

Unknown command.
Found a burning altar of Makhleb.
Unknown command.
The balrug shouts!
Found a glowing silver altar of Zin.
Found a spear.
Unknown command.
An iguana comes into view.
An adder skeleton comes into view.
Found a scroll of identify.
Found 4 gold pieces and a rapier.
Unknown command.
Unknown command.
The helpless iguana fails to defend itself.
You stick the iguana like a pincushion!!!
You kill the iguana!
The helpless adder skeleton fails to defend itself.
You stick the adder skeleton like a pincushion!!!
You destroy the adder skeleton!
You see here a scroll of identify.
As you read the scroll of identify, it crumbles to dust.
D - a scroll of holy word You see here 4 gold pieces.
You now have 354 gold pieces (gained 4).
You are feeling hungry.
Unknown command.
Unknown command.
As you read the scroll labeled VOW LIAHETO, it crumbles to dust.
You feel aware of your surroundings.
You sensed 1 altar.
It was a scroll of magic mapping.
Unknown command.
A quokka comes into view.
Found a scroll of random uselessness.
Unknown command.
Found a staircase to the Ecumenical Temple.
Found 6 gold pieces.
Unknown command.
You enter the shallow water.
Moving in this stuff is going to be slow.
Found 24 stones.
There is a staircase to the Ecumenical Temple here.
You climb downwards.
Welcome to the Ecumenical Temple!
There is a staircase back to the Dungeon here.
Found a sparkling altar of Nemelex Xobeh.
Unknown command.
Found an opulent altar of Gozag.
Unknown command.
Found a sacrificial altar of Ru.
Found a shimmering altar of Xom.
There is a sparkling altar of Nemelex Xobeh here.
There is an opulent altar of Gozag here.
Found an ornate altar of the Wu Jian Council and a basalt altar of Yredelemnul.
Unknown command.
Found a radiant altar of Vehumet.
Found a white marble altar of Elyvilon.
Found an iron altar of Okawaru.
Found a bloodstained altar of Trog.
Found a shadowy altar of Dithmenos.
Found a hide-covered altar of Uskayaw.
Unknown command.
There is a bloodstained altar of Trog here.
Found a blossoming altar of Fedhas.
Unknown command.
Unknown command.
Found a stormy altar of Qazlal.
Found a hazy altar of Hepliaklqana and a shattered altar of Ashenzari.
There is a staircase back to the Dungeon here.
You climb upwards.
Welcome back to the Dungeon!
There is a staircase to the Ecumenical Temple here.
Unknown command.
Unknown command.
You enter the shallow water.
Moving in this stuff is going to be slow.
You see here 6 gold pieces.
You see here 6 gold pieces.
You now have 360 gold pieces (gained 6).
You are feeling very hungry.
Found a stone staircase leading down.
Found 23 stones.
The quokka completely misses you.
You hit the quokka. You drain the quokka!
You kill the quokka!
There is a stone staircase leading down here.
You climb downwards.
There is a stone staircase leading up here.
Unknown command.
As you read the scroll of teleportation, it crumbles to dust.
You feel strangely unstable.
Your surroundings suddenly seem different.
Unknown command.
As you read the scroll of teleportation, it crumbles to dust.
You feel strangely unstable.
Unknown command.
Your surroundings seem slightly different.
Unknown command.
As you read the scroll of teleportation, it crumbles to dust.
You feel strangely unstable.
Your surroundings seem slightly different.
Unknown command.
Are you sure you want to abandon this character and quit the game? (Confirm with "yes".)

#..## ##.# #. #...# ##..#
##.# ######## #...# ###...
#.. ##....... #...#
#....####.## ##...<....
#...###.....##(..#
##..#######
#....##..<...#...######...#
#.....####........##.....##
#.....## ##............###
.......# ##....@...####
..###..# #.......## ###
##.# ##.....## # #. ##....#
##...# # ##..# # ##..# .#
#...# #.# ##...#


There were no monsters in sight!

Vanquished Creatures
  A two-headed ogre (D:5)
  Eustachio (D:6)
  Duvessa (D:5)
  An ogre (D:5)
  3 centaurs
  Dowan (D:5)
  A bullfrog (D:7)
  A scorpion (D:5)
  3 wights (D:7)
  A centaur zombie (D:6)
  Terence (D:2)
  An iguana (D:4)
  An orc wizard (D:5)
  4 worker ants
  8 mummies (Ossuary)
  2 worker ant zombies (D:5)
  An adder (D:5)
  A shadow imp (D:6)
  2 oozes
  An adder zombie (D:6)
  An adder skeleton (D:4)
  3 leopard geckos
  4 orcs (D:5)
  5 giant cockroaches
  2 gnoll zombies (Ossuary)
  7 goblins
  5 hobgoblins
  4 jackals (D:5)
  3 quokkas
  5 bats
  2 frilled lizards
  2 hobgoblin zombies (Ossuary)
  A jackal zombie (D:5)
  5 kobolds
  2 kobold zombies (Ossuary)
  2 orc zombies (Ossuary)
  2 rats
  A rat zombie (D:5)
92 creatures vanquished.

Notes
Turn   | Place    | Note
-------+----------+-------------------------------------------
     0 | D:1      | tidbits the Gnoll Assassin began the quest for the Orb.
     0 | D:1      | Reached XP level 1. HP: 20/20 MP: 1/1
    49 | D:1      | Reached XP level 2. HP: 20/26 MP: 2/2
   173 | D:2      | Noticed Terence
   182 | D:2      | Reached XP level 3. HP: 10/31 MP: 3/3
   353 | D:3      | Noticed Robin
   427 | D:2      | Killed Terence
   427 | D:2      | Reached skill level 1 in Long Blades
   427 | D:2      | Reached skill level 1 in Axes
   427 | D:2      | Reached skill level 1 in Maces & Flails
   427 | D:2      | Reached skill level 1 in Polearms
   427 | D:2      | Reached skill level 1 in Staves
   427 | D:2      | Reached skill level 1 in Slings
   427 | D:2      | Reached skill level 1 in Bows
   427 | D:2      | Reached skill level 1 in Crossbows
   427 | D:2      | Reached skill level 1 in Armour
   427 | D:2      | Reached skill level 1 in Shields
   427 | D:2      | Reached skill level 1 in Unarmed Combat
   427 | D:2      | Reached skill level 1 in Spellcasting
   427 | D:2      | Reached skill level 1 in Invocations
   427 | D:2      | Reached skill level 1 in Evocations
   427 | D:2      | Reached XP level 4. HP: 37/38 MP: 5/5
   523 | D:4      | Noticed an ice beast
   581 | D:5      | Entered Level 5 of the Dungeon
   581 | D:5      | Found a sand-covered staircase.
   592 | Ossuary  | Entered an ossuary
   625 | Ossuary  | Reached skill level 1 in Conjurations
   625 | Ossuary  | Reached skill level 1 in Hexes
   625 | Ossuary  | Reached skill level 1 in Charms
   625 | Ossuary  | Reached skill level 1 in Summonings
   625 | Ossuary  | Reached skill level 1 in Necromancy
   625 | Ossuary  | Reached skill level 1 in Translocations
   625 | Ossuary  | Reached skill level 1 in Transmutations
   625 | Ossuary  | Reached skill level 1 in Fire Magic
   625 | Ossuary  | Reached skill level 1 in Ice Magic
   625 | Ossuary  | Reached skill level 1 in Air Magic
   625 | Ossuary  | Reached skill level 1 in Earth Magic
   625 | Ossuary  | Reached skill level 1 in Poison Magic
   631 | Ossuary  | Reached XP level 5. HP: 16/43 MP: 6/6
   717 | Ossuary  | Reached skill level 3 in Dodging
   799 | D:5      | Reached skill level 8 in Stealth
   799 | D:5      | Reached XP level 6. HP: 27/50 MP: 8/8
   802 | D:5      | Noticed Duvessa
   927 | D:5      | Reached skill level 2 in Invocations
  1096 | D:5      | Killed Duvessa
  1096 | D:5      | Reached skill level 5 in Fighting
  1096 | D:5      | Reached skill level 5 in Short Blades
  1096 | D:5      | Reached skill level 2 in Long Blades
  1096 | D:5      | Reached skill level 2 in Axes
  1096 | D:5      | Reached skill level 2 in Maces & Flails
  1096 | D:5      | Reached skill level 2 in Polearms
  1096 | D:5      | Reached skill level 2 in Staves
  1096 | D:5      | Reached skill level 2 in Slings
  1096 | D:5      | Reached skill level 2 in Bows
  1096 | D:5      | Reached skill level 2 in Crossbows
  1096 | D:5      | Reached skill level 5 in Throwing
  1096 | D:5      | Reached skill level 2 in Armour
  1096 | D:5      | Reached skill level 2 in Shields
  1096 | D:5      | Reached skill level 2 in Unarmed Combat
  1096 | D:5      | Reached skill level 2 in Spellcasting
  1096 | D:5      | Reached skill level 2 in Evocations
  1097 | D:5      | Noticed Dowan
  1115 | D:5      | Killed Dowan
  1115 | D:5      | Reached XP level 7. HP: 56/56 MP: 10/10
  1224 | D:5      | Identified a scroll of acquirement
  1272 | D:5      | Reached skill level 2 in Conjurations
  1272 | D:5      | Reached skill level 2 in Hexes
  1272 | D:5      | Reached skill level 2 in Charms
  1272 | D:5      | Reached skill level 2 in Summonings
  1272 | D:5      | Reached skill level 2 in Necromancy
  1272 | D:5      | Reached skill level 2 in Translocations
  1272 | D:5      | Reached skill level 2 in Transmutations
  1272 | D:5      | Reached skill level 2 in Fire Magic
  1272 | D:5      | Reached skill level 2 in Ice Magic
  1272 | D:5      | Reached skill level 2 in Air Magic
  1272 | D:5      | Reached skill level 2 in Earth Magic
  1272 | D:5      | Reached skill level 2 in Poison Magic
  1324 | D:5      | Reached skill level 3 in Invocations
  1412 | D:7      | Reached XP level 8. HP: 63/63 MP: 12/12
  1430 | D:7      | Reached skill level 3 in Long Blades
  1430 | D:7      | Reached skill level 3 in Axes
  1430 | D:7      | Reached skill level 3 in Maces & Flails
  1430 | D:7      | Reached skill level 3 in Polearms
  1430 | D:7      | Reached skill level 3 in Staves
  1430 | D:7      | Reached skill level 3 in Slings
  1430 | D:7      | Reached skill level 3 in Bows
  1430 | D:7      | Reached skill level 3 in Crossbows
  1430 | D:7      | Reached skill level 3 in Armour
  1430 | D:7      | Reached skill level 4 in Dodging
  1430 | D:7      | Reached skill level 3 in Shields
  1430 | D:7      | Reached skill level 3 in Unarmed Combat
  1430 | D:7      | Reached skill level 3 in Spellcasting
  1430 | D:7      | Reached skill level 3 in Evocations
  1548 | D:6      | Noticed Eustachio
  1570 | D:6      | Killed Eustachio
  1813 | D:5      | Noticed a two-headed ogre
  1820 | D:5      | Killed a two-headed ogre
  1820 | D:5      | Reached skill level 6 in Fighting
  1820 | D:5      | Reached skill level 6 in Short Blades
  1820 | D:5      | Reached skill level 6 in Throwing
  1820 | D:5      | Reached skill level 3 in Conjurations
  1820 | D:5      | Reached skill level 3 in Hexes
  1820 | D:5      | Reached skill level 3 in Charms
  1820 | D:5      | Reached skill level 3 in Summonings
  1820 | D:5      | Reached skill level 3 in Necromancy
  1820 | D:5      | Reached skill level 3 in Translocations
  1820 | D:5      | Reached skill level 3 in Transmutations
  1820 | D:5      | Reached skill level 3 in Fire Magic
  1820 | D:5      | Reached skill level 3 in Ice Magic
  1820 | D:5      | Reached skill level 3 in Air Magic
  1820 | D:5      | Reached skill level 3 in Earth Magic
  1820 | D:5      | Reached skill level 3 in Poison Magic
  1820 | D:5      | Reached skill level 4 in Invocations
  1820 | D:5      | Reached XP level 9. HP: 69/69 MP: 12/14
  1888 | D:5      | Found Murahae's Antique Armour Boutique.
  1898 | D:5      | Bought a glowing cloak for 127 gold pieces
  2045 | D:4      | Found a burning altar of Makhleb.
  2052 | D:4      | Found a glowing silver altar of Zin.
  2052 | D:4      | Noticed an angel
  2052 | D:4      | Noticed a balrug
  2129 | D:4      | Found a staircase to the Ecumenical Temple.
  2138 | Temple   | Entered the Ecumenical Temple
  2326 | D:5      | Quit the game

Vault maps used:
D:1:      dpeg_arrival_rhombus, skrybe_limestone_x
D:2:      grunt_temple_overflow_open, uniq_terence
D:3:      lemuel_castle_with_subvaults, uniq_robin, uniq_sigmund,
          uniq_crazy_yiuf_cottage, uniq_natasha
D:4:      grunt_temple_overflow_order_and_chaos_2, minmay_temple_entry_mist,
          tgw_trog
D:5:      first_ration, enter_ossuary_3, serial_shops,
          nicolae_shop_overgrown_old_shop, uniq_duvessa
D:6:      uniq_eustachio
D:7:      grunt_ogre_cave
Temple:   regret_index_temple_sphere_string
Ossuary:  ossuary_tomb_3

Skill      XL: |  1  2  3  4  5  6  7  8 |
---------------+-------------------------+-----
Long Blades    | 1 2 3 |  3.9
Axes           | 1 2 3 |  3.9
Maces & Flails | 1 2 3 |  3.9
Polearms       | 1 2 3 |  3.9
Staves         | 1 2 3 |  3.9
Slings         | 1 2 3 |  3.9
Bows           | 1 2 3 |  3.9
Crossbows      | 1 2 3 |  3.9
Armour         | 1 2 3 |  3.9
Shields        | 1 2 3 |  3.9
Unarmed Combat | 1 2 3 |  3.9
Spellcasting   | 1 2 3 |  3.9
Invocations    | 1 2 3 4 |  4.3
Evocations     | 1 2 3 |  3.9
Conjurations   | 1 2 3 |  3.2
Hexes          | 1 2 3 |  3.2
Charms         | 1 2 3 |  3.2
Summonings     | 1 2 3 |  3.2
Necromancy     | 1 2 3 |  3.2
Translocations | 1 2 3 |  3.2
Transmutations | 1 2 3 |  3.2
Fire Magic     | 1 2 3 |  3.2
Ice Magic      | 1 2 3 |  3.2
Air Magic      | 1 2 3 |  3.2
Earth Magic    | 1 2 3 |  3.2
Poison Magic   | 1 2 3 |  3.2
Dodging        | 3 4 |  4.7
Stealth        | 8 |  8.8
Fighting       | 5 6 |  6.1
Short Blades   | 5 6 |  6.1
Throwing       | 5 6 |  6.1

Action                   |  1- 3 |  4- 6 |  7- 9 || total
-------------------------+-------+-------+-------++-------
Melee: Dagger            |    70 |    51 |       ||   121
       Bite              |     6 |    10 |    10 ||    26
       War axe           |       |    24 |    18 ||    42
       Quarterstaff      |       |     4 |       ||     4
       Short sword       |       |       |    87 ||    87
       Punch             |       |       |     3 ||     3
 Fire: Blowgun           |       |     8 |       ||     8
 Abil: Evoke Berserk Rag |       |     3 |     4 ||     7
  Use: Scroll            |     1 |     2 |    11 ||    14
       Potion            |       |     1 |     3 ||     4
 Stab: Sleeping          |     8 |     4 |     9 ||    21
  Eat: Ration            |       |     1 |     1 ||     2
       Chunk             |       |       |     3 ||     3
Armor: Robe              |     7 |     2 |       ||     9
       Ring mail         |       |    15 |    33 ||    48
Dodge: Dodged            |    37 |    45 |    69 ||   151

Table legend:
 A = Spawn XP
 B = Non-spawn XP
 C = Spawn XP percentage of total XP
 D = Spawn monster count
 E = Non-spawn monster count
 F = Spawn count percentage of total count
 G = Total turns spent on level
                    A         B        C        D         E        F      G
               +---------+---------+-------+---------+---------+-------+---------
         Total |       0 |    2749 |   0.0 |       0 |      92 |   0.0 |  2326
               +---------+---------+-------+---------+---------+-------+---------
           D:1 |       0 |      43 |   0.0 |       0 |      22 |   0.0 |   264
           D:2 |       0 |      49 |   0.0 |       0 |       9 |   0.0 |   199
           D:3 |       0 |       5 |   0.0 |       0 |       3 |   0.0 |    59
           D:4 |       0 |      45 |   0.0 |       0 |       4 |   0.0 |   262
           D:5 |       0 |    1794 |   0.0 |       0 |      27 |   0.0 |   732
           D:6 |       0 |     294 |   0.0 |       0 |       6 |   0.0 |   384
           D:7 |       0 |     366 |   0.0 |       0 |       5 |   0.0 |   140
       Ossuary |       0 |     153 |   0.0 |       0 |      16 |   0.0 |   185
               +---------+---------+-------+---------+---------+-------+---------

Table legend:
 A = Turns spent in this place as a percentage of turns spent in the entire game.
 B = Non-inter-level travel turns spent in this place as a percentage of non-inter-level travel turns spent in the entire game.
 C = Inter-level travel turns spent in this place as a percentage of turns spent in this place.
 D = Turns resting spent in this place as a percentage of non-inter-level travel turns spent in this place.
 E = Turns spent auto-exploring this place as a percentage of non-inter-level travel turns spent in this place.
 F = Non-inter-level travel turns spent in this place divided by the number of levels of this place that you've seen.
                   A       B       C       D       E      F
               +-------+-------+-------+-------+-------+----------------------
         Total | 100.0 | 100.0 |   2.8 |   0.0 |   0.0 | 251.3
       Dungeon |  87.7 |  88.2 |   2.2 |   0.0 |   0.0 | 285.0
        Temple |   4.3 |   3.6 |  18.8 |   0.0 |   0.0 |  82.0
       Ossuary |   8.0 |   8.2 |   0.0 |   0.0 |   0.0 | 185.0
               +-------+-------+-------+-------+-------+----------------------

Table legend:
 A = Kills in this place as a percentage of kills in entire the game.
 B = Kills by you in this place as a percentage of kills by you in the entire game.
 C = Kills by friends in this place as a percentage of kills by friends in the entire game.
 D = Other kills in this place as a percentage of other kills in the entire game.
 E = Experience gained in this place as a percentage of experience gained in the entire game.
 F = Experience gained in this place divided by the number of levels of this place that you have seen.
                   A       B       C       D       E      F
               +-------+-------+-------+-------+-------+----------------------
         Total | 100.0 | 100.0 |   N/A |   N/A | 100.0 | 305.4
       Dungeon |  82.6 |  82.6 |   N/A |   N/A |  94.4 | 370.9
       Ossuary |  17.4 |  17.4 |   N/A |   N/A |   5.6 | 153.0
               +-------+-------+-------+-------+-------+----------------------

Vault maps used:
D:1:      dpeg_arrival_rhombus, skrybe_limestone_x
D:2:      grunt_temple_overflow_open, uniq_terence
D:3:      lemuel_castle_with_subvaults, uniq_robin, uniq_sigmund,
          uniq_crazy_yiuf_cottage, uniq_natasha
D:4:      grunt_temple_overflow_order_and_chaos_2, minmay_temple_entry_mist,
          tgw_trog
D:5:      first_ration, enter_ossuary_3, serial_shops,
          nicolae_shop_overgrown_old_shop, uniq_duvessa
D:6:      uniq_eustachio
D:7:      grunt_ogre_cave
Temple:   regret_index_temple_sphere_string
Ossuary:  ossuary_tomb_3
